 Dungeon Crawl Stone Soup version 0.27-a0-1500-g450c7e4133 (webtiles) character file.

Game seed: 3976413302923730557

43163 Snarg the Nimble (level 14, -3/94 HPs)
             Began as a Djinni Wanderer on July 5, 2021.
             Was an Elder of Ru.
             Slain by Rupert (10 damage)
             ... on level 5 of the Lair of Beasts on July 8, 2021.
             The game lasted 02:02:38 (23922 turns).

Snarg the Nimble (Djinni Wanderer)                 Turns: 23922, Time: 02:02:38

Health: -3/94      AC:  5    Str: 14    XL:     14   Next: 59%
Gold:   1071       EV: 19    Int: 24    God:    Ru [****..] SH:  0 Dex: 16

rFire    + + +     SeeInvis .   a - +5 dagger (freeze)
rCold    x . .     Faith    .   (no shield)
rNeg     . . .     Spirit   .   O - +0 troll leather armour
rPois    ∞         Reflect  .   (helmet currently unavailable)
rElec    .         Harm     .   n - scarf {shadows}
rCorr    .         Rampage  .   G - +0 pair of gloves
Will     ++...                  (boots unavailable)
Stlth    +++.......             P - amulet of regeneration
HPRegen  2.25/turn              w - ring of willpower
MPRegen  0.00/turn              o - ring of the Robin {Fly rF+++ MP-9 Str+5 Int+6}

@: appendages (expiring), flying
A: horns 2, flying, sickness immunity, fire resistance 2, frail 1, cold
vulnerability 1, inability to use devices, float, innate caster, hp casting,
extra vitality 1
a: End Transformation, Renounce Religion, Draw Out Power, Power Leap


You were on level 5 of the Lair of Beasts.
You worshipped Ru.
Ru was greatly pleased with you.
You had temporarily grown beastly horns.
You visited 3 branches of the dungeon, and saw 19 of its levels.

You collected 1146 gold pieces.
You spent 75 gold pieces at shops.

Inventory:

Hand Weapons
 a - a +5 dagger of freezing (weapon)
 b - a +1 rapier of venom
 x - a +2 dagger of venom
 y - a +2 spear of venom
 N - the +5 spear of Voim {antimagic, rF+ rCorr Dex-3}
   (You found it on level 4 of the Lair of Beasts)

   It reduces the magical energy of the wielder, and disrupts the spells and
   magical abilities of those hit.
   Natural abilities and divine invocations are not affected.
   Dex:       It affects your dexterity (-3).
   rF:        It protects you from fire.
   rCorr:     It protects you from acid and corrosion.
Missiles
 c - 605 stones
 h - 4 javelins
 D - 67 poisoned darts
 K - 5 throwing nets
 S - 7 curare-tipped darts
Armour
 n - a scarf of shadows (worn)
 G - a +0 pair of gloves (worn)
 J - a +2 leather armour of cold resistance
 O - a +0 troll leather armour (worn)
Magical Staves
 q - a staff of air
Jewellery
 o - the ring of the Robin (right hand) {Fly rF+++ MP-9 Str+5 Int+6}
   (You took it off a centaur warrior on level 10 of the Dungeon)

   [ring of intelligence]

   Str:       It affects your strength (+5).
   Int:       It affects your intelligence (+6).
   rF:        It renders you almost immune to fire.
   MP:        It affects your magic capacity (-9).
   Fly:       It grants you flight.
 w - a ring of willpower (left hand)
 C - the ring "Gesmef" {AC+4 Str+4 Dex+5}
   (You took it off a centaur warrior on level 10 of the Dungeon)

   [ring of protection]

   AC:        It affects your AC (+4).
   Str:       It affects your strength (+4).
   Dex:       It affects your dexterity (+5).
 L - the ring "Pamint" {rElec rPois rN++ Str-5}
   (You found it on level 10 of the Dungeon)

   [ring of poison resistance]

   Str:       It affects your strength (-5).
   rElec:     It insulates you from electricity.
   rPois:     It protects you from poison.
   rN:        It greatly protects you from negative energy.
 P - an amulet of regeneration (around neck)
 Q - a ring of wizardry
 R - a +4 ring of evasion
Scrolls
 d - a scroll of summoning
 e - a scroll of fear
 g - a scroll of magic mapping
 i - a scroll of blinking
 m - 3 scrolls of vulnerability
 p - a scroll of enchant armour
 r - a scroll of silence
 s - 6 scrolls of teleportation
 u - 2 scrolls of identify
 v - 4 scrolls of enchant weapon
 H - a scroll of holy word
 I - a scroll of fog
 T - a scroll of amnesia {unknown}
 U - 2 scrolls of noise {unknown}
Potions
 f - 2 potions of haste
 j - 2 potions of mutation
 k - 4 potions of lignification
 l - 2 potions of might
 t - a potion of resistance
 z - 5 potions of curing
 A - a potion of berserk rage
 B - 4 potions of attraction
 E - a potion of brilliance
 F - 4 potions of heal wounds
 M - a potion of cancellation
 W - 9 potions of ambrosia


   Skills:
 * Level 11.5 Fighting
 + Level 8.4 Short Blades
 - Level 1.0 Throwing
 - Level 4.0 Armour
 * Level 13.4 Dodging
 + Level 5.9 Stealth
 - Level 11.0 Spellcasting


You couldn't memorise any spells.
You knew the following spells:

 Your Spells              Type           Power      Damage    Failure   Level
a - Magic Dart            Conj           100%       1d8       1%          1
b - Blink                 Tloc           N/A        N/A       1%          2
c - Call Imp              Summ           60%        N/A       1%          2
d - Slow                  Hex            60%        N/A       1%          2
e - Conjure Flame         Conj/Fire      60%        6-21      1%          3
f - Mephitic Cloud        Conj/Pois/Air  60%        N/A       1%          3
g - Animate Skeleton      Necr           100%       N/A       1%          1
h - Vampiric Draining     Necr           30%        2d10      1%          3
i - Beastly Appendage     Tmut           100%       N/A       1%          1
j - Passwall              Tmut/Erth      50%        N/A       1%          2
k - Corpse Rot            Necr/Air       N/A        N/A       1%          2
l - Cause Fear            Hex            30%        N/A       1%          4
m - Animate Dead          Necr           30%        N/A       1%          4
n - Agony                 Necr           60%        N/A       1%          5

Your spell library contained the following spells:

 Spells                   Type           Power      Damage    Failure   Level
 Pain                     Necr           100%       1d9       1%          1


Dungeon Overview and Level Annotations

Branches:
Dungeon (12/15)            Temple (1/1) D:5            Lair (6/6) D:10
 Shoals (0/4) Lair:2        Snake (0/4) Lair:2        Slime (0/5) Lair:5
    Orc (0/2) D:11

Altars:
Ashenzari
Cheibriados
Dithmenos
Elyvilon
Fedhas
Gozag
Hepliaklqana
Kikubaaqudgha
Makhleb
Nemelex Xobeh
Okawaru
Qazlal
Ru
Sif Muna
Trog
Uskayaw
Vehumet
Wu Jian
Xom
Yredelemnul
Zin
The Shining One

Shops:
D:5 :   D:7 !   D:11 (

Annotations:
D:1 clr
D:2 clr
D:3 clr
D:4 clr
D:5 clr
D:6 clr
D:7 clr
D:8 clr
D:9 clr
D:10 clr
D:11 clr
Lair:1 clr
Lair:2 clr
Lair:3 clr
Lair:4 clr, exclusion: 2 oklob plants
Lair:5 clr, Rupert


Innate Abilities, Weirdness & Mutations

You have temporarily grown beastly horns.
You are flying.
You are immune to sickness and miasma.
You are immune to poison.
Your flesh is very heat resistant. (rF++)
You are frail. (-10% HP)
You are vulnerable to cold. (rC-)
You cannot study or use magical devices.
You float through the air rather than walking.
You learn spells naturally, not from books.
Your magical power is your life essence.
You have superior vitality. (+4 HP)


Message History

The stinking cloud engulfs you but does no damage.
Rupert is engulfed in noxious fumes.
Rupert hits you with a +3 vorpal triple sword!
Unknown command.
Unknown command.
Unknown command.
Unknown command.
You hit Rupert. You headbutt Rupert!
Rupert is severely wounded.
You hit Rupert but do no damage.
Rupert is severely wounded.
Rupert is engulfed in noxious fumes.
Rupert hits you with a +3 vorpal triple sword!!
Unknown command.
Unknown command.
Unknown command.
Unknown command.
Casting: Mephitic Cloud (safe; 1% risk of failure)
Confirm with . or Enter, or press ? or * to list all spells.
A beastly little devil appears in a puff of flame.
Rupert roars madly and goes into a rage!
Rupert goes berserk!
Your crimson imp closely misses Rupert.
Unknown command.
Unknown command.
Unknown command.
Casting: Call Imp (safe; 1% risk of failure)
Confirm with . or Enter, or press ? or * to list all spells.
Aiming: Mephitic Cloud (safe; 1% risk of failure)
Press: ? - help, Shift-Dir - straight line, f - you, p - Rupert The ball explodes into a vile cloud!
The stinking cloud engulfs you but does no damage.
The stinking cloud engulfs Rupert but does no damage.
Rupert is severely wounded.
The stinking cloud engulfs your crimson imp but does no damage.
Rupert is engulfed in noxious fumes.
Rupert hits you with a +3 vorpal triple sword!!!
Ouch! That really hurt!
* * * LOW HITPOINT WARNING * * *
You die...

# ### #.###### #### # ##.#
##..#...## ###..P ####
#..########.#.#..P.###.....
...#####.P..........#.....###.P..
.#...##PP...####..P........#.....
#.......P...###...#..........#...
#.P........#.####°.°.....#.......
.....#P.#.#.)..#○○...............
.........###...§@@°°.....#..#...#
.....#.....#...☼5.....##.........
.>..#..P..##...##P...............
...##.....#....##................
....#........#...................
#.....................#........P.
##......#............####..#.##..
##......####....#P....####.######
.......#####.P###......###..####.


You could see Rupert (berserk, ally target) and a friendly crimson imp
(summoned).

Vanquished Creatures
  Snorg (D:10)
  Harold (D:8)
  2 boulder beetles (D:10)
  6 hydras
  2 centaur warriors (D:10)
  3 two-headed ogres
  4 death yaks (Lair:5)
  A manticore (D:12)
  3 ugly things (D:10)
  A cyclops (D:10)
  8 elephants
  4 merfolk sirens (Lair:2)
  3 centaur zombies
  2 torpor snails
  A kobold demonologist (D:12)
  7 black mambas
  9 cane toads
  A gargoyle (D:11)
  2 komodo dragons
  2 meliai (Lair:4)
  A queen bee (Lair:4)
  2 trolls
  A polar bear (Lair:3)
  13 blink frogs
  Prince Ribbit (D:8)
  4 dream sheep
  2 wyverns
  Eustachio (D:6)
  34 yaks
  2 basilisks
  A vampire mosquito (Lair:6)
  A steam dragon (D:8)
  Edmund (D:6)
  12 water moccasins
  6 orc warriors
  2 black bears (D:8)
  A hornet zombie (D:7)
  2 ogres
  2 centaurs
  9 wolves
  A lemure (D:7)
  3 kobold brigands
  9 bullfrogs
  A water moccasin zombie (D:6)
  A scorpion (D:4)
  A water moccasin skeleton (D:4)
  2 wyvern skeletons
  15 killer bees (Lair:4)
  4 wights
  6 electric eels
  2 howler monkeys (D:7)
  2 jellies (Lair:5)
  A bullfrog zombie (D:5)
  A centaur skeleton (D:5)
  4 hounds
  A bullfrog skeleton (D:5)
  An orc priest (D:6)
  2 gnoll shamans
  An iguana (D:7)
  4 orc wizards (D:8)
  4 hell rats (Lair:3)
  A killer bee zombie (D:7)
  A hound skeleton (D:4)
  2 howler monkey zombies
  14 gnolls
  A howler monkey skeleton (D:7)
  5 adders
  2 white imps
  3 worms
  A dart slug (D:3)
  18 orcs
  8 bats
  7 endoplasms
  4 giant cockroaches
  5 hobgoblins
  7 jackals
  3 quokkas
  4 ball pythons
  3 frilled lizards
  9 goblins
  14 kobolds
  A butterfly (D:5)
340 creatures vanquished.

Vanquished Creatures (collateral kills)
  A hydra (Lair:5)
  Pikel (D:7)
  An elephant (Lair:3)
  A black mamba (Lair:2)
  2 cane toads (Lair:6)
  A komodo dragon (Lair:1)
  A meliai (Lair:4)
  A blink frog (Lair:5)
  2 shadows
  A wyvern (Lair:5)
  A basilisk (Lair:1)
  8 yaks
  A vampire mosquito (Lair:5)
  2 water moccasins (Lair:2)
  2 ice beasts
  An ogre (D:5)
  A necrophage (D:5)
  A wolf (Lair:3)
  4 bullfrogs
  A scorpion (D:5)
  5 killer bees (Lair:4)
  3 wights (D:10)
  A centaur zombie (D:7)
  A gnoll shaman (D:6)
  An iguana (D:5)
  2 hell rats (Lair:3)
  An orc wizard (D:7)
  A hound zombie (D:5)
  2 gnolls (D:6)
  3 orcs (D:11)
  3 endoplasms
  A hobgoblin (D:3)
  2 jackals (D:4)
  2 kobolds (D:11)
62 creatures vanquished.

Vanquished Creatures (others)
  A cane toad (Lair:6)
  A gargoyle (D:9)
  A wyvern (Lair:1)
  A yak (Lair:5)
  An electric eel (Lair:4)
  A hobgoblin (D:1)
  37 fungi
  169 plants
  A withered plant (D:1)
213 creatures vanquished.

Grand Total: 615 creatures vanquished

Notes
Turn   | Place    | Note
-------+----------+-------------------------------------------
     0 | D:1      | Snarg the Djinni Wanderer began the quest for the Orb.
     0 | D:1      | Reached XP level 1. HP: 15/15 MP: 0/0
   523 | D:1      | Found a faded altar of an unknown god.
   638 | D:1      | Became a worshipper of Ru the Awakened
   650 | D:1      | Gained mutation: You cannot study or use magical devices.
                  | [Ru sacrifice]
   650 | D:1      | Reached * piety under Ru
   650 | D:1      | Reached ** piety under Ru
   801 | D:1      | Reached XP level 2. HP: 21/22 MP: 0/0
   859 | D:1      | Reached skill level 1 in Dodging
  1118 | D:1      | Reached skill level 1 in Fighting
  1503 | D:1      | Reached XP level 3. HP: 20/27 MP: 0/0
  1503 | D:1      | Learned a level 1 spell: Beastly Appendage
  2671 | D:2      | Reached skill level 2 in Dodging
  2671 | D:2      | Reached XP level 4. HP: 6/33 MP: 0/0
  3314 | D:3      | Found a snail-covered altar of Cheibriados.
  4021 | D:3      | Reached XP level 5. HP: 27/39 MP: 0/0
  4021 | D:3      | Learned a level 2 spell: Passwall
  4602 | D:4      | Reached skill level 3 in Dodging
  4854 | D:4      | Reached XP level 6. HP: 31/45 MP: 0/0
  5311 | D:4      | Noticed an ogre
  5323 | D:4      | Killed an ogre
  5324 | D:4      | Reached skill level 4 in Dodging
  5664 | D:5      | Entered Level 5 of the Dungeon
  5707 | D:5      | Found Beurpheq's Book Boutique.
  5713 | D:5      | Found a staircase to the Ecumenical Temple.
  5723 | D:5      | Reached XP level 7. HP: 50/50 MP: 0/0
  5723 | D:5      | Learned a level 2 spell: Corpse Rot
  5728 | Temple   | Entered the Ecumenical Temple
  7342 | D:5      | Reached skill level 5 in Spellcasting
  7342 | D:5      | Reached XP level 8. HP: 43/58 MP: 0/0
  7750 | D:5      | Reached skill level 5 in Dodging
  8178 | D:6      | Noticed Edmund
  8836 | D:6      | Killed Edmund
  9658 | D:5      | Reached XP level 9. HP: 52/63 MP: 0/0
  9658 | D:5      | Learned a level 4 spell: Cause Fear
  9896 | D:6      | Reached skill level 6 in Dodging
 10114 | D:6      | Noticed Eustachio
 10120 | D:6      | Killed Eustachio
 10240 | D:7      | Reached skill level 5 in Fighting
 11277 | D:7      | Noticed Pikel
 11291 | D:7      | Killed Pikel
 11292 | D:7      | Reached skill level 7 in Dodging
 11292 | D:7      | Found Zeiheyda's Distillery.
 11312 | D:7      | Bought a potion of heal wounds for 75 gold pieces
 11440 | D:7      | Reached XP level 10. HP: 57/71 MP: 0/0
 12111 | D:8      | Found a hazy altar of Hepliaklqana.
 12136 | D:8      | Noticed Harold
 12478 | D:8      | Noticed Prince Ribbit
 12480 | D:8      | Killed Prince Ribbit
 12539 | D:8      | Reached skill level 1 in Armour
 13154 | D:8      | Killed Harold
 13161 | D:8      | Reached skill level 8 in Dodging
 13542 | D:9      | Noticed a two-headed ogre
 13566 | D:9      | Killed a two-headed ogre
 13567 | D:9      | Reached skill level 1 in Throwing
 13737 | D:9      | Noticed a gargoyle
 13809 | D:9      | Killed a gargoyle
 13810 | D:9      | Reached XP level 11. HP: 8/79 MP: 0/0
 13810 | D:9      | Learned a level 4 spell: Animate Dead
 14840 | D:10     | Entered Level 10 of the Dungeon
 14863 | D:10     | Upgraded the game from 0.27-a0-1442-g87b6fcb595 to
                  | 0.27-a0-1456-gf5a116941d
 15140 | D:10     | Reached skill level 5 in Short Blades
 15173 | D:10     | Noticed Snorg
 15184 | D:10     | Reached skill level 9 in Dodging
 15621 | D:10     | Killed Snorg
 15622 | D:10     | Reached skill level 10 in Dodging
 15845 | D:10     | Found a white marble altar of Elyvilon.
 15971 | D:10     | Found a glowing golden altar of the Shining One.
 15972 | D:10     | Noticed a fire dragon
 16218 | D:10     | Noticed a boulder beetle
 16647 | D:11     | Found Opunian's Weapon Emporium.
 16649 | D:11     | Found a staircase to the Orcish Mines.
 17055 | D:12     | Noticed a manticore
 17077 | D:12     | Killed a manticore
 17098 | D:12     | Gained mutation: You are frail. (-10% HP) [Ru sacrifice]
 17098 | D:12     | Reached *** piety under Ru
 17098 | D:12     | Reached **** piety under Ru
 17240 | D:12     | Noticed a cyclops
 17298 | D:12     | Noticed a two-headed ogre
 17316 | D:12     | Killed a two-headed ogre
 17569 | D:10     | Found a staircase to the Lair.
 17579 | Lair:1   | Entered Level 1 of the Lair of Beasts
 17706 | Lair:1   | Reached XP level 12. HP: 78/80 MP: 0/0
 18027 | Lair:1   | Reached skill level 11 in Dodging
 18052 | D:10     | Reached skill level 5 in Stealth
 18213 | D:10     | Found a broken altar of Ashenzari.
 18293 | D:10     | Found a runed translucent door.
 18294 | D:10     | Found a runed translucent door.
 18432 | D:10     | Identified the ring of the Robin {Fly rF+++ MP-9 Str+5
                  | Int+6}
 18432 | D:10     | Noticed a centaur warrior
 18435 | D:10     | Killed a boulder beetle
 18450 | D:10     | Killed a centaur warrior
 18451 | D:10     | Noticed a two-headed ogre
 18453 | D:10     | Identified the ring "Gesmef" {AC+4 Str+4 Dex+5}
 18453 | D:10     | Noticed a centaur warrior
 18455 | D:10     | Noticed a boulder beetle
 18458 | D:10     | Killed a two-headed ogre
 18459 | D:10     | Killed a centaur warrior
 18480 | D:10     | Killed a boulder beetle
 18517 | D:10     | Identified the ring "Pamint" {rElec rPois rN++ Str-5}
 18522 | D:10     | Identified the ring of Miomourph {Fly rPois rN+ MP-9
                  | Slay+2}
 19310 | Lair:2   | Found a staircase to the Snake Pit.
 19313 | Lair:2   | Reached skill level 10 in Fighting
 19405 | Lair:2   | Identified a scroll of acquirement
 19408 | Lair:2   | Acquired a scarf of shadows
 19545 | Lair:2   | Reached XP level 13. HP: 86/86 MP: 0/0
 19545 | Lair:2   | Learned a level 5 spell: Agony
 19630 | Lair:2   | Reached skill level 12 in Dodging
 19790 | Lair:2   | Found a staircase to the Shoals.
 20329 | Lair:3   | Noticed a five-headed hydra
 20343 | Lair:3   | Killed a five-headed hydra
 20401 | Lair:3   | Noticed a five-headed hydra
 20407 | Lair:3   | Killed a five-headed hydra
 21246 | Lair:4   | Reached skill level 10 in Spellcasting
 21989 | Lair:4   | Noticed a six-headed hydra
 21997 | Lair:4   | Killed a six-headed hydra
 22151 | Lair:4   | Identified the +5 spear of Voim {antimagic, rF+ rCorr
                  | Dex-3}
 22153 | Lair:4   | Upgraded the game from 0.27-a0-1456-gf5a116941d to
                  | 0.27-a0-1500-g450c7e4133
 22221 | Lair:5   | Noticed an eight-headed hydra
 22315 | Lair:5   | Reached XP level 14. HP: 94/94 MP: 0/0
 22910 | Lair:5   | Reached skill level 13 in Dodging
 22920 | Lair:5   | Found a staircase to the Slime Pits.
 23584 | Lair:6   | Entered Level 6 of the Lair of Beasts
 23901 | Lair:5   | Noticed Rupert
 23907 | Lair:5   | Paralysed by Rupert for 5 turns
 23922 | Lair:5   | Slain by Rupert

Illustrated notes

Levels and vault maps discovered:
D:1:      dpeg_arrival_morbid_curiosity, layout_loops_ring,
          ebering_ecumenical_altar_petrified
D:2:      layout_loops_ring, chequers_mini_garden, kennysheep_generic_room_13
D:3:      layout_loops_ring, amcnicky_altar_gilded
D:4:      layout_loops_cross, minivault_19
D:5:      layout_loops_corners, minmay_temple_entry_butterflies, serial_shops,
          shop, hangedman_decor_points
D:6:      layout_basic, vehumet_crystals, hellmonk_bongcloud_opening,
          uniq_eustachio, uniq_edmund
D:7:      minmay_general_purpose_star, layout_cave_pools, serial_shops, shop,
          uniq_pikel
D:8:      layout_basic, nicolae_hepliaklqana_hazy_memory, uniq_harold,
          uniq_prince_ribbit1
D:9:      layout_loops_ring
D:10:     minmay_the_grid_triangle_9x9_rhombus_thin
          [minmay_the_grid_triangle_9x9_tough_junction,
          minmay_the_grid_triangle_9x9_prize_special,
          minmay_the_grid_triangle_9x9_limited_checkers,
          minmay_the_grid_triangle_9x9_swiss_cheese], layout_irregular_city,
          marbit_many_paths, minmay_lair_entry_lava, hangedman_feature_mirror,
          uniq_snorg
D:11:     layout_basic, orc_david_3
D:12:     layout_basic
Temple:   dpeg_five_rooms_temple
Lair:1:   layout_regular_city
Lair:2:   layout_misc_corridors, elwin_shoals_entry_stream,
          minmay_snake_entry_six_corridors, st_stairs_11
Lair:3:   layout_cave_pods, serial_bayou_lake_a
Lair:4:   layout_roguey [special_room_bee], serial_bayou, serial_bayou_shore_a,
          serial_bayou_pond_c, serial_bayou_pond_d, serial_bayou_pond_a,
          grunt_megastairs_1, minmay_lair_oklob_chamber
Lair:5:   layout_layer_cave, nicolae_slime_entry_slimehenge, lemuel_fruit_tree,
          uniq_rupert
Lair:6:   minmay_lair_end_frog_pond, layout_concentric_octagons,
          hellmonk_guarded_unrand_vines

Skill      XL: |  1  2  3  4  5  6  7  8  9 10 11 12 13 14 |
---------------+-------------------------------------------+-----
Evocations     | 0 |  0.0
Dodging        | 1 2 3 4 5 7 8 10 11 12 13 | 13.4
Fighting       | 1 2 3 4 5 7 9 10 11 | 11.5
Stealth        | 2 3 4 5 |  5.9
Short Blades   | 3 4 5 6 8 |  8.4
Spellcasting   | 5 6 7 8 9 10 11 | 11.0
Armour         | 3 4 |  4.0
Throwing       | 1 |  1.0

Action                   |  1- 3 |  4- 6 |  7- 9 | 10-12 | 13-15 || total
-------------------------+-------+-------+-------+-------+-------++-------
Melee: Dagger            |    56 |    66 |   139 |   340 |   463 ||  1064
       Headbutt          |     7 |     2 |       |    37 |    28 ||    74
       Rapier            |       |       |       |    15 |    74 ||    89
Throw: Throwing net      |       |     1 |     1 |       |       ||     2
       Javelin           |       |       |     3 |       |       ||     3
       Dart              |       |       |     1 |     4 |       ||     5
 Cast: Magic Dart        |    62 |    72 |   164 |   183 |    56 ||   537
       Animate Skeleton  |     8 |    11 |    14 |     7 |       ||    40
       Beastly Appendage |     4 |     3 |     1 |    13 |     8 ||    29
       Call Imp          |       |     8 |    36 |    55 |    24 ||   123
       Mephitic Cloud    |       |     2 |    18 |    56 |    52 ||   128
       Conjure Flame     |       |       |    18 |    37 |     7 ||    62
       Slow              |       |       |     6 |    56 |    31 ||    93
       Vampiric Draining |       |       |       |     2 |    27 ||    29
       Animate Dead      |       |       |       |    24 |    37 ||    61
       Blink             |       |       |       |     4 |       ||     4
       Cause Fear        |       |       |       |     3 |     1 ||     4
       Agony             |       |       |       |       |    20 ||    20
Invok: Sacrifice Artific |     1 |       |       |       |       ||     1
       Reject Sacrifices |       |     1 |       |       |     1 ||     2
       Sacrifice Health  |       |       |       |     1 |       ||     1
       Power Leap        |       |       |       |       |     3 ||     3
  Use: Scroll            |       |       |    11 |    12 |     4 ||    27
 Stab: Invisible         |     1 |       |       |       |     5 ||     6
       Sleeping          |       |     2 |     1 |     7 |     2 ||    12
       Distracted        |       |       |     4 |     5 |    10 ||    19
       Confused          |       |       |     4 |    29 |    51 ||    84
Armor: Robe              |    11 |     3 |    32 |     3 |       ||    49
       Leather armour    |       |       |       |    11 |       ||    11
       Troll leather arm |       |       |       |    26 |    50 ||    76
Dodge: Dodged            |    47 |    39 |   164 |   225 |   384 ||   859

Table legend: (Time is in decaauts)
 A = Elapsed time spent in this place.
 B = Non-inter-level travel time spent in this place.
 C = Inter-level travel time spent in this place.
 D = Time resting spent in this place.
 E = Time spent auto-exploring this place.
 F = Levels seen in this place.
 G = Mean time per level.
                   A        B        C        D        E       F      G
               +--------+--------+--------+--------+--------+-----+--------+
         Total |  23614 |  22474 |   1140 |   4657 |  13107 |  19 | 1242.8 |
       Dungeon |  17877 |  17079 |    798 |   4605 |   9371 |  12 | 1489.8 |
        Temple |    266 |    218 |     48 |      0 |    212 |   1 |  266.0 |
          Lair |   5470 |   5176 |    294 |     52 |   3524 |   6 |  911.7 |
               +--------+--------+--------+--------+--------+-----+--------+

Top non-repeatable levels by time:
     D:5: 2796 daAuts
     D:9: 1992 daAuts
     D:1: 1862 daAuts
    D:10: 1792 daAuts
     D:6: 1700 daAuts
     D:8: 1528 daAuts
  Lair:5: 1462 daAuts
     D:2: 1430 daAuts
     D:4: 1287 daAuts
     D:3: 1280 daAuts
     D:7: 1199 daAuts
  Lair:3: 1188 daAuts
  Lair:4: 999 daAuts
  Lair:1: 924 daAuts
  Lair:2: 750 daAuts
